 Dungeon Crawl Stone Soup version 0.30-a0-808-g6e0788376e (webtiles) character file.

Game seed: 12306789864166046200

28 hikkokomori the Digger (level 3, -25/19 HPs)
             Began as a Gargoyle Earth Elementalist on Feb 26, 2023.
             Annihilated by an ogre
             ... wielding a +0 giant club
              (28 damage)
             ... on level 2 of the Dungeon.
             The game lasted 00:01:10 (1426 turns).

hikkokomori the Digger (GrEE)                       Turns: 1426, Time: 00:01:10

Health: -25/19     AC:  5    Str: 11    XL:     3   Next: 12%
Magic:  3/6        EV: 11    Int: 17    God:
Gold:   76         SH:  0    Dex: 10    Spells: 5/6 levels left

rFire   . . .      SeeInvis .    e - +0 sling
rCold   . . .      Faith    .    (no shield)
rNeg    + . .      Spirit   .    a - +0 robe
rPois   ∞          Reflect  .    (no helmet)
rElec   +          Harm     .    (no cloak)
rCorr   .          Rampage  .    (no gloves)
Will    .....                    (no boots)
Stlth   ++                       (no amulet)
HPRegen 0.23/turn                (no ring)
MPRegen 0.10/turn                (no ring)

@: no status effects
A: sickness immunity, AC +3, negative energy resistance 1, electricity
resistance, torment resistance 1, petrification resistance
a: no special abilities


You were on level 2 of the Dungeon.
You visited 1 branch of the dungeon, and saw 2 of its levels.

You collected 76 gold pieces.

Inventory:

Hand Weapons
 e - a +0 sling (weapon)
Armour
 a - a +0 robe (worn)
Scrolls
 f - a scroll of enchant armour {unknown}
 g - 2 scrolls of fog {unknown}
 i - a scroll of blinking {unknown}
 j - a scroll of vulnerability {unknown}
Potions
 b - a potion of magic
 c - a potion of attraction {unknown}
 d - a potion of haste {unknown}
 h - a potion of heal wounds {unknown}


   Skills:
 - Level 1.5 Dodging
 + Level 3.3 Stealth
 - Level 2.0 Spellcasting
 - Level 0.7 Transmutations
 + Level 4.4 Earth Magic


You had 5 spell levels left.
You knew the following spells:

 Your Spells              Type           Power      Damage    Failure   Level
a - Sandblast             Erth           32%        2d9       3%          1

Your spell library contained the following spells:

 Spells                   Type           Power      Damage    Failure   Level
 Passwall                 Tmut/Erth      8%         N/A       11%         2
 Stone Arrow              Conj/Erth      18%        3d8       24%         3
 Petrify                  Tmut/Erth      10%        N/A       56%         4


Dungeon Overview and Level Annotations

Branches:
Dungeon (2/15)

Altars:


Innate Abilities, Weirdness & Mutations

You are immune to sickness and miasma.
Your stone body is resilient. (AC +3)
You are immune to poison.
You resist negative energy. (rN+)
You are resistant to electric shocks. (rElec)
You are resistant to unholy torment.
You are immune to petrification.


Message History

A bat comes into view.
A bat is nearby!
A bat is nearby!
A bat is nearby!
You shoot a sling bullet. The sling bullet hits the bat.
You kill the bat!
No target in view!
Found a glaive.
You see here a +0 glaive.
Found a dagger.
You see here a +0 dagger.
An ogre comes into view. It is wielding a +0 giant club.
An ogre is nearby!
An ogre is nearby!
An ogre is nearby!
You shoot a sling bullet. The sling bullet hits the ogre.
The ogre shouts!
The ogre is lightly wounded.
You shoot a sling bullet. The sling bullet hits the ogre.
The ogre is moderately wounded.
You shoot a sling bullet. The sling bullet hits the ogre.
The ogre is heavily wounded.
The blast of sand hits the ogre.
The ogre is severely wounded.
The blast of sand hits the ogre but does no damage.
The ogre is severely wounded.
The ogre hits you with a +0 giant club!
Ouch! That really hurt!
* * * LOW HITPOINT WARNING * * *
You are too injured to fight recklessly!
Casting: Sandblast (safe; 3% risk of failure)
Confirm with . or Enter, or press ? or * to list all spells.
Aiming: Sandblast (safe; 3% risk of failure)
Press: ? - help, Shift-Dir - straight line, f/p - ogre
Aim: an ogre, wielding a +0 giant club (severely wounded, 91% to hit)
The blast of sand hits the ogre!
The ogre is almost dead.
The ogre hits you with a +0 giant club!!
Ouch! That really hurt!
You die...

#################
#)..............#
#.#############.#
#.# #@#
#.#############O#
#............##.#
#############.##.#
...... #.##.#
.###### #.##.# .#
#.. #.##.# ## #.#
#.##.# # #.# #.#


You could see an ogre.

Vanquished Creatures
  2 dart slugs (D:1)
  4 ball pythons (D:1)
  An endoplasm (D:1)
  2 giant cockroaches (D:1)
  A goblin (D:1)
  A hobgoblin (D:1)
  2 quokkas (D:1)
  A bat (D:2)
  3 frilled lizards (D:1)
  4 kobolds (D:1)
  2 rats (D:2)
23 creatures vanquished.

Notes
Turn   | Place    | Note
-------+----------+-------------------------------------------
     0 | D:1      | hikkokomori the Gargoyle Earth Elementalist began the quest
                  | for the Orb.
     0 | D:1      | Reached XP level 1. HP: 10/10 MP: 3/3
   359 | D:1      | Reached XP level 2. HP: 15/15 MP: 5/5
   416 | D:1      | Reached skill level 4 in Earth Magic
   564 | D:1      | Found a faded altar of an unknown god.
   928 | D:1      | Reached XP level 3. HP: 19/19 MP: 4/6
  1420 | D:2      | Noticed an ogre
  1426 | D:2      | Annihilated by an ogre

Illustrated notes

Levels and vault maps discovered:
D:1:      dpeg_arrival_round_c, layout_basic, ebering_ecumenical_altar_rust
D:2:      minmay_roachtagon, layout_basic, uniq_natasha

Skill      XL: |  1  2 |
---------------+-------+-----
Earth Magic    | 4 |  4.4
Stealth        | 3 |  3.3
Dodging        | |  1.5
Spellcasting   | |  2.0
Transmutations | |  0.7

Action                     || total
---------------------------++-------
   Fire: Sling             ||    39
   Cast: Sandblast         ||    21
 Armour: Robe              ||     2
  Dodge: Dodged            ||    11

Table legend: (Time is in decaauts)
 A = Elapsed time spent in this place.
 B = Non-inter-level travel time spent in this place.
 C = Inter-level travel time spent in this place.
 D = Time resting spent in this place.
 E = Time spent auto-exploring this place.
 F = Levels seen in this place.
 G = Mean time per level.
                   A        B        C        D        E       F      G
               +--------+--------+--------+--------+--------+-----+--------+
         Total |   1450 |   1365 |     85 |      0 |   1227 |   2 |  725.0 |
       Dungeon |   1450 |   1365 |     85 |      0 |   1227 |   2 |  725.0 |
               +--------+--------+--------+--------+--------+-----+--------+

Top non-repeatable levels by time:
     D:1: 1278 daAuts
     D:2: 172 daAuts
